 Dungeon Sprint DCSS version 0.30.1-11-g7821555f0a (webtiles) character file.

Game seed: 4041537968254766172

9394 Groucho the Earth Mage (level 11, -7/55 HPs)
             Began as a Spriggan Enchanter on Dec 23, 2023.
             Was a High Priest of Dithmenos.
             Mangled by a sphinx (11 damage)
             ... in the Dungeon (Sprint II: "The Violet Keep of Menkaure").
             The game lasted 00:08:36 (755 turns).

Groucho the Earth Mage (Spriggan Enchanter)          Turns: 755, Time: 00:08:37

Health: -7/55      AC:  2    Str:  4    XL:     11   Next: 22%
Magic:  9/26       EV: 19    Int: 21    God:    Dithmenos [*****.]
Gold:   569        SH:  0    Dex: 16    Spells: 17/30 levels left

rFire   + . .        a - +1 dagger
rCold   . . .        (no shield)
rNeg    . . .        b - +0 robe
rPois   .            (helmet restricted)
rElec   .            (no cloak)
rCorr   .            (gloves unavailable)
SInv    +            (boots unavailable)
Will    +....        (no amulet)
Stlth   +++++++++    e - ring of protection from fire
HPRegen 0.29/turn    f - ring of flight
MPRegen 0.20/turn

%: no teleportation
@: flying, slowed, wreathed by umbra, quick
A: very small, no large weapons, unfitting armour, see invisible, speed 3
a: Renounce Religion, Shadow Step, Shadow Form


You were in the Dungeon.
You worshipped Dithmenos.
Dithmenos was extremely pleased with you.
You visited 1 branch You collected 1426 gold pieces.
You spent 857 gold pieces at shops.

Inventory:

Hand Weapons
 a - a +1 dagger (weapon)
Armour
 b - a +0 robe (worn)
 t - a +0 buckler
 y - a +0 troll leather armour
Magical Staves
 o - a staff of earth
Jewellery
 c - an amulet of guardian spirit
 e - a ring of protection from fire (left hand)
 f - a ring of flight (right hand)
 i - a ring of ice
Scrolls
 k - 4 scrolls of identify {unknown}
 l - a scroll of summoning {unknown}
 m - a scroll of silence {unknown}
 n - 3 scrolls of fear {unknown}
 p - a scroll of enchant weapon {unknown}
 u - a scroll of vulnerability {unknown}
 x - a scroll of immolation {unknown}
Potions
 d - a potion of curing
 g - 5 potions of magic
 h - 2 potions of berserk rage
 j - 2 potions of haste
 q - 3 potions of resistance {unknown}
 r - a potion of brilliance {unknown}
 s - 4 potions of flight {unknown}
 v - a potion of cancellation {unknown}


   Skills:
 - Level 5.0 Fighting
 - Level 10.0 Short Blades
 - Level 5.0 Dodging
 - Level 15.0 Stealth
 - Level 10.0 Spellcasting
 - Level 7.0 Conjurations
 - Level 14.0 Hexes
 * Level 15.8 Earth Magic


You had 17 spell levels left.
You knew the following spells:

 Your Spells              Type           Power      Damage    Failure   Level
a - Ensorcelled Hibernat  Hex/Ice        78%        N/A       1%          2
b - Confusing Touch       Hex            62%        N/A       1%          3
c - Dazzling Flash        Conj/Hex       100%       N/A       1%          3
d - Lee's Rapid Deconstr  Erth           33%        3d17*     1%          5

Your spell library contained the following spells:

 Spells                   Type           Power      Damage    Failure   Level
 Slow                     Hex            100%       N/A       1%          1
 Tukima's Dance           Hex            62%        N/A       1%          3
 Leda's Liquefaction      Hex/Erth       32%        N/A       1%          4
 Vampiric Draining        Necr           10%        2d6       19%         3
 Statue Form              Tmut/Erth      28%        N/A       36%         6


Dungeon Overview and Level Annotations

Branches:
Dungeon (1/1)

Altars:
Cheibriados
Dithmenos
Elyvilon
Fedhas
Gozag
Hepliaklqana
Kikubaaqudgha
Makhleb
Nemelex Xobeh
Okawaru
Qazlal
Ru
Sif Muna
Trog
Uskayaw
Vehumet
Wu Jian
Xom
Yredelemnul
Zin
The Shining One
Jiyva
Lugonu

Shops:
D :!![=(:?[=?=[*[

Annotations:
D exclusion: oklob plant


Innate Abilities, Weirdness & Mutations

You are very small and have problems with some larger weapons.
You are too small for most types of armour.
You have supernaturally acute eyesight. (SInv)
You cover ground extremely quickly. (Speed+++)


Message History

The sphinx is dazzled.
The sphinx casts a spell.
You resist with some effort.
Unknown command.
Unknown command.
Unknown command.
Unknown command.
You catch the helpless sphinx completely off-guard!
You skewer the sphinx like a kebab!!!
The sphinx is heavily wounded.
Your shadow hits the sphinx but does no damage.
You strike the helpless sphinx from behind!
You skewer the sphinx like a kebab!!!
The sphinx is almost dead.
You hit the sphinx.
You kill the sphinx!
Dithmenos accepts your kill.
Your Earth Magic skill increases to level 15!
Casting: Dazzling Flash (safe; 1% risk of failure)
Confirm with . or Enter, or press ? or * to list all spells.
Casting: Dazzling Flash (safe; 1% risk of failure)
Press: ? - help, Dir - look around, f - activate The sphinx is dazzled.
The sphinx closely misses you. The sphinx barely misses you.
The sphinx hits you.
* * * LOW HITPOINT WARNING * * *
Unknown command.
Unknown command.
Unknown command.
Unknown command.
You hit the sphinx but do no damage. The sphinx misses you.
The sphinx closely misses you. The sphinx hits you.
* * * LOW HITPOINT WARNING * * *
Unknown command.
You catch the helpless sphinx completely off-guard!
You impale the sphinx!!
The sphinx is heavily wounded.
The sphinx hits you.
* * * LOW HITPOINT WARNING * * *
The sphinx closely misses you. The sphinx hits you!
You die...

.#..####.# #}}▓.([.).[.▓▓
.####..'.####)|▓.[......▓▓
...#..#^..####▓(.(.....▓▓
##..#####..##)#▓.......(▓▓
.##..#.['..#†.#▓..)...[[▓▓
†.#..#.[#..#†.#▓..[)....▓▓
#.'..####..##.#▓.(.[..)(▓▓
†.#....###...##▓▓▓▓▓▓▓'▓▓▓▓+▓
.##§.....~~~~~~~@H~~§§...≈≈≈▓
##~~.§§..~#'########§###.≈≈≈▓
~~~~§~§..~#_._._...#~§§##≈≈≈▓
~~~§§§§~.~#._._._._#§~≈§####▓▓▓▓▓
~~≈§§§§~~~#_._._._.#~~§~§##$$#$$▓
~§§§§≈§§§~#._._._._#~~~§§§#$.#$.▓
#~≈§§≈≈≈≈~#.._._._.#~§§†§§§..'$$▓
##≈≈≈###§≈#..._._._#~~~~§§#$.#$.▓
#≈≈#...._._.#~~≈≈§§▓$$#$$▓


You could see a sphinx (blind).

Vanquished Creatures
  A deep elf master archer (D)
  A kraken (D)
  A sphinx (D)
  A great orb of eyes (D)
  2 boulder beetles (D)
  2 deep trolls (D)
  2 unseen horrors (D)
  A yaktaur (D)
  3 polar bears (D)
  A hornet (D)
  3 slime creatures (D)
  2 wyverns (D)
  Menkaure (D)
  3 water moccasins (D)
  4 scorpions (D)
  4 necrophages (D)
32 creatures vanquished.

Vanquished Creatures (others)
  8 tentacles (D)
8 creatures vanquished.

Grand Total: 40 creatures vanquished

Notes
Turn   | Place    | Note
-------+----------+-------------------------------------------
     0 | D        | Groucho the Spriggan Enchanter began the quest for the Orb.
     0 | D        | Reached XP level 1. HP: 9/9 MP: 5/5
     3 | D        | Noticed a wyvern
     3 | D        | Noticed a wyvern
     6 | D        | Noticed a necrophage
     6 | D        | Noticed a necrophage
     6 | D        | Noticed a necrophage
     6 | D        | Noticed a necrophage
    15 | D        | Killed a necrophage
    16 | D        | Reached skill level 5 in Hexes
    16 | D        | Reached XP level 2. HP: 16/16 MP: 6/8
    16 | D        | Reached XP level 3. HP: 19/19 MP: 6/9
    23 | D        | Killed a necrophage
    24 | D        | Reached skill level 5 in Dodging
    24 | D        | Reached skill level 5 in Spellcasting
    24 | D        | Reached XP level 4. HP: 21/25 MP: 7/12
    26 | D        | Killed a necrophage
    27 | D        | Reached skill level 5 in Fighting
    27 | D        | Reached skill level 5 in Short Blades
    27 | D        | Reached XP level 5. HP: 26/30 MP: 7/13
    36 | D        | Noticed a boulder beetle
    36 | D        | Noticed a boulder beetle
    43 | D        | Reached XP level 6. HP: 32/35 MP: 8/14
    44 | D        | Reached skill level 15 in Stealth
    58 | D        | Killed a wyvern
    59 | D        | Reached skill level 10 in Hexes
    59 | D        | Reached XP level 7. HP: 38/39 MP: 9/15
    68 | D        | Learned a level 2 spell: Ensorcelled Hibernation
    72 | D        | Learned a level 3 spell: Confusing Touch
    76 | D        | Learned a level 3 spell: Dazzling Flash
    81 | D        | Killed a wyvern
    96 | D        | Killed a boulder beetle
    97 | D        | Reached XP level 8. HP: 43/43 MP: 7/16
   111 | D        | Killed a boulder beetle
   112 | D        | Reached skill level 10 in Short Blades
   122 | D        | Found Kymi Jor's Book Shoppe.
   122 | D        | Found Uzxa Duot's Magic Scroll Shoppe.
   122 | D        | Found Qeijobo's Armour Shoppe.
   122 | D        | Found Cyavijyu's Antique Weapon Emporium.
   122 | D        | Found Goeng's Armour Shoppe.
   122 | D        | Found Ecoufet's Jewellery Emporium.
   123 | D        | Found Cetaojux's General Store.
   123 | D        | Found Meam's Antique Armour Shoppe.
   123 | D        | Found Zalosaas's Magic Scroll Emporium.
   123 | D        | Found Tibey's Jewellery Shoppe.
   123 | D        | Found Ynejedwi's Antique Armour Emporium.
   124 | D        | Found Tizomo's Distillery.
   124 | D        | Found Nenluol's Jewellery Shoppe.
   124 | D        | Found Buvian's Distillery.
   124 | D        | Noticed Menkaure
   140 | D        | Killed Menkaure
   141 | D        | Reached skill level 10 in Spellcasting
   141 | D        | Reached skill level 1 in Conjurations
   141 | D        | Reached XP level 9. HP: 47/47 MP: 10/24
   143 | D        | Noticed an oklob plant
   144 | D        | Found Vuvurin's Book Shoppe.
   233 | D        | Bought a book of the Earth for 432 gold pieces
   239 | D        | Learned a level 5 spell: Lee's Rapid Deconstruction
   257 | D        | Bought a ring of protection from fire for 250 gold pieces
   257 | D        | Bought a ring of flight for 175 gold pieces
   282 | D        | Found an iron altar of Okawaru.
   282 | D        | Found an opulent altar of Gozag.
   283 | D        | Found a sparkling altar of Nemelex Xobeh.
   283 | D        | Found a blossoming altar of Fedhas.
   284 | D        | Found a radiant altar of Vehumet.
   284 | D        | Found a burning altar of Makhleb.
   284 | D        | Found a white marble altar of Elyvilon.
   285 | D        | Found a hide-covered altar of Uskayaw.
   285 | D        | Found a corrupted altar of Lugonu.
   285 | D        | Found a shadowy altar of Dithmenos.
   286 | D        | Found a glowing silver altar of Zin.
   286 | D        | Found a bloodstained altar of Trog.
   286 | D        | Found an ancient bone altar of Kikubaaqudgha.
   287 | D        | Found a basalt altar of Yredelemnul.
   287 | D        | Found a shimmering blue altar of Sif Muna.
   287 | D        | Found a viscous altar of Jiyva.
   288 | D        | Found a shimmering altar of Xom.
   288 | D        | Found a sacrificial altar of Ru.
   290 | D        | Found a glowing golden altar of the Shining One.
   290 | D        | Found an ornate altar of the Wu Jian Council.
   290 | D        | Found a stormy altar of Qazlal.
   290 | D        | Found a snail-covered altar of Cheibriados.
   290 | D        | Found a hazy altar of Hepliaklqana.
   297 | D        | Became a worshipper of Dithmenos the Shadowed
   309 | D        | Noticed a great orb of eyes
   311 | D        | Killed a great orb of eyes
   312 | D        | Reached skill level 5 in Earth Magic
   323 | D        | Reached * piety under Dithmenos
   331 | D        | Noticed a deep elf master archer
   337 | D        | Killed a deep elf master archer
   337 | D        | Reached ** piety under Dithmenos
   338 | D        | Reached XP level 10. HP: 51/51 MP: 25/25
   346 | D        | Reached skill level 10 in Earth Magic
   367 | D        | Reached *** piety under Dithmenos
   382 | D        | Noticed a kraken
   419 | D        | Killed a kraken
   419 | D        | Reached **** piety under Dithmenos
   708 | D        | Noticed a deep troll
   708 | D        | Noticed a deep troll
   714 | D        | Killed a deep troll
   715 | D        | Reached XP level 11. HP: 55/55 MP: 18/26
   721 | D        | Killed a deep troll
   721 | D        | Reached ***** piety under Dithmenos
   731 | D        | Noticed a sphinx
   731 | D        | Noticed a sphinx
   752 | D        | Killed a sphinx
   753 | D        | Reached skill level 15 in Earth Magic
   755 | D        | Mangled by a sphinx

Illustrated notes

Levels and vault maps discovered:
D:        the_violet_keep_of_menkaure [sprint2_stairs_cluster_1,
          sprint2_shoproom, sprint2_temple, sprint2_basic_supplies,
          sprint2_obstacle_3, sprint2_obstacle_6, sprint2_obstacle_7,
          sprint2_obstacle_2, sprint2_obstacle_1, sprint2_timed_cluster_1,
          sprint2_smallroom_cluster_1, sprint2_smallroom_final_cluster_1,
          sprint2_transparent_cluster_1, sprint2_second_timed_cluster_1,
          sprint2_sniper_area_1, sprint2_heavy_combat_area_1,
          sprint2_mutation_trap_area_1, sprint2_forest_area_1,
          sprint2_light_combat_area_1, sprint2_behind_water_1,
          sprint2_near_end_vault_1]

Skill      XL: |  1  2  3  4  5  6  7  8  9 10 11 |
---------------+----------------------------------+-----
Fighting       | 2 3 5 |  5.0
Short Blades   | 3 4 5 9 10 | 10.0
Dodging        | 4 5 |  5.0
Stealth        | 6 7 9 14 15 | 15.0
Spellcasting   | 4 5 10 | 10.0
Hexes          | 5 10 14 | 14.0
Conjurations   | 1 6 7 |  7.0
Earth Magic    | 9 14 15 | 15.8

Action                     |  1- 3 |  4- 6 |  7- 9 | 10-12 || total
---------------------------+-------+-------+-------+-------++-------
  Melee: Dagger            |    15 |     8 |    11 |    19 ||    53
   Cast: Ensorcelled Hiber |       |       |    10 |    19 ||    29
         Confusing Touch   |       |       |     1 |       ||     1
         Lee's Rapid Decon |       |       |       |     2 ||     2
         Dazzling Flash    |       |       |       |     2 ||     2
    Use: Potion            |     2 |       |     3 |     1 ||     6
         Scroll            |       |       |     1 |     1 ||     2
   Stab: Invisible         |     3 |       |       |     3 ||     6
         Sleeping          |     1 |     7 |     8 |    14 ||    30
         Confused          |       |       |     1 |       ||     1
 Armour: Robe              |     1 |       |       |       ||     1
  Dodge: Dodged            |     6 |     1 |     8 |    10 ||    25
